 Dungeon Crawl Stone Soup version 0.29.1-2-gbd0b4ee654 (webtiles) character file.

Game seed: 6928733083924100326

7 bullfish the Slasher (level 1, 0/17 HPs)
             Began as a Draconian Gladiator on Nov 14, 2022.
             Killed from afar by a dart slug (1 damage)
             ... with a slug dart
             ... on level 1 of the Dungeon.
             The game lasted 00:00:37 (118 turns).

bullfish the Slasher (Draconian Gladiator)           Turns: 118, Time: 00:00:37

Health: 0/17       AC:  4    Str: 16    XL:     1   Next: 83%
Magic:  1/1        EV: 12    Int:  8    God:
Gold:   0          SH:  0    Dex: 12    Spells: 0/0 levels left

rFire   . . .      SeeInvis .   a - +0 long sword
rCold   . . .      Faith    .   (no shield)
rNeg    . . .      Spirit   .   (body armour unavailable)
rPois   .          Reflect  .   b - +0 hat
rElec   .          Harm     .   (no cloak)
rCorr   .          Rampage  .   (no gloves)
Will    .....                   (no boots)
Stlth   +.........              (no amulet)
HPRegen 0.05/turn               (no ring)
MPRegen 0.07/turn               (no ring)

@: no status effects
A: AC +4, unfitting armour, cold-blooded
a: no special abilities


You were on level 1 of the Dungeon.
You visited 1 branch of the dungeon, and saw 1 of its levels.

Inventory:

Hand Weapons
 a - a +0 long sword (weapon)
Missiles
 c - 3 throwing nets (quivered)
 d - a javelin
Armour
 b - a +0 hat (worn)
Scrolls
 e - a scroll of brand weapon {unknown}
 f - a scroll of vulnerability {unknown}


   Skills:
 - Level 2.1 Fighting
 + Level 3.5 Long Blades
 - Level 1.7 Throwing
 - Level 2.6 Dodging


You couldn't memorise any spells.
You didn't know any spells.
Your spell library was empty.

Dungeon Overview and Level Annotations

Branches:
Dungeon (1/15)

Altars:


Innate Abilities, Weirdness & Mutations

Your plain brown scales are hard. (AC +4)
You cannot fit into any form of body armour.
You are cold-blooded and may be slowed by cold attacks.


Message History

Found 4 stones.
A kobold comes into view. It is wielding a +0 whip.
The kobold throws a stone.
The stone hits you.
The kobold throws a stone.
The stone misses you.
A kobold comes into view. It is wielding a +0 sling.
The kobold shouts!
The kobold throws a stone.
The stone barely misses you.
The kobold shoots a sling bullet.
The sling bullet closely misses you.
The kobold throws a stone.
The stone hits you but does no damage.
The kobold shoots a sling bullet.
The sling bullet hits you.
A dart slug comes into view.
The kobold shoots a sling bullet.
The sling bullet hits you.
The kobold unwields a +0 sling.
The kobold wields a +0 club.
The kobold barely misses you.
You hit the kobold.
The kobold is moderately wounded.
The kobold hits you with a +0 club.
You are too injured to fight recklessly!
You are too injured to fight recklessly!
You are too injured to fight recklessly!
You are too injured to fight recklessly!
You are too injured to fight recklessly!
You are too injured to fight recklessly!
You barely miss the kobold. The kobold misses you.
The kobold closely misses you. x2; The kobold hits you but does no damage.
You closely miss the kobold. The kobold hits you with a +0 whip.
* * * LOW HITPOINT WARNING * * *
The kobold hits you with a +0 club.
* * * LOW HITPOINT WARNING * * *
You hit the kobold.
You kill the kobold!
The kobold hits you but does no damage.
You hit the dart slug but do no damage. The kobold closely misses you.
The dart slug bites you but does no damage.
You hit the kobold.
The kobold is moderately wounded.
The kobold closely misses you. The dart slug launches a dart at you.
The slug dart hits you.
You die...

.............###..#...#
...................#.###
..............##.†######
.........[....##........
..............##........
.........(....##........
..............##........
......w.......##......).
.......@).....##........
......K........#........
...............#........
..##########'#.# . .#...
.# ##


You could see a dart slug and a kobold.

Vanquished Creatures
  An endoplasm (D:1)
  A goblin (D:1)
  A hobgoblin (D:1)
  A kobold (D:1)
  2 ball pythons (D:1)
6 creatures vanquished.

Notes
Turn   | Place    | Note
-------+----------+-------------------------------------------
     0 | D:1      | bullfish the Draconian Gladiator began the quest for the
                  | Orb.
     0 | D:1      | Reached XP level 1. HP: 17/17 MP: 1/1
   118 | D:1      | Killed from afar by a dart slug

Illustrated notes

Levels and vault maps discovered:
D:1:      dpeg_arrival_arbitrary_a, layout_basic,
          hellmonk_ecumenical_altar_zigzags

Action                   || total
-------------------------++-------
Melee: Long sword        ||    15
       Tailslap          ||     1
Armor: Skin              ||     8
Dodge: Dodged            ||    16
